 Dungeon Crawl Stone Soup version 0.31-a0-190-g4feb4907b2 (webtiles) character file.

Game seed: 6396454173344053294

284 qw the Skirmisher (level 6, 0/35 HPs)
             Began as a Deep Elf Hunter on June 23, 2023.
             Was an Initiate of Okawaru.
             Slain by an orc warrior
             ... wielding a +0 long sword
              (2 damage)
             ... on level 4 of the Dungeon.
             The game lasted 00:01:00 (2385 turns).

qw the Skirmisher (Deep Elf Hunter)                 Turns: 2385, Time: 00:01:01

Health: 0/35       AC:  6    Str: 14    XL:     6   Next: 7%
Magic:  8/8        EV: 12    Int: 11    God:    Okawaru [......]
Gold:   198        SH:  0    Dex: 17    Spells: 5/5 levels left

rFire   . . .        Y - +0 shortbow
rCold   . . .        (shield currently unavailable)
rNeg    . . .        j - +0 ring mail
rPois   .            (no helmet)
rElec   .            (no cloak)
rCorr   .            (no gloves)
SInv    +            g - +0 pair of boots
Will    .....        (no amulet)
Stlth   +            n - ring of see invisible
HPRegen 0.25/turn    (no ring)
MPRegen 0.11/turn

%: no passive effects
@: no status effects
A: dopey 1, strong 1
a: Renounce Religion


You were on level 4 of the Dungeon.
You worshipped Okawaru.
Okawaru was noncommittal.
You visited 1 branch of the dungeon, and saw 4 of its levels.

You collected 198 gold pieces.


Innate Abilities, Weirdness & Mutations

You are dopey. (Int -2)
Your muscles are strong. (Str +4, Int/Dex -1)


   Skills:
 - Level 2.0 Fighting
 + Level 9.1 Ranged Weapons
 - Level 3.2 Dodging
 - Level 1.2 Stealth


You had 5 spell levels left.
You didn't know any spells.
Your spell library was empty.

Inventory:

Hand Weapons
 Y - a +0 shortbow (weapon)
Armour
 g - a +0 pair of boots (worn)
 j - a +0 ring mail (worn)
Jewellery
 n - a ring of see invisible (left hand)
Scrolls
 c - a scroll of fog {unknown}
Potions
 a - a potion of brilliance {unknown}
 b - a potion of cancellation {unknown}
 d - a potion of attraction {unknown}
 h - a potion of enlightenment {unknown}
 k - a potion of mutation
 l - a potion of might {unknown}

Dungeon Overview and Level Annotations

Branches:
Dungeon (4/15)
 Temple: D:4-7

Altars:
Dithmenos
Okawaru


Message History

You shoot an arrow.
The arrow hits the orc warrior but does no damage.
The orc warrior is moderately wounded.
The hobgoblin closely misses you.
The orc wizard hits you but does no damage.
The orc warrior hits you with a +0 long sword.
You shoot an arrow.
The arrow hits the orc warrior but does no damage.
The orc warrior is moderately wounded.
The hobgoblin hits you but does no damage.
The orc wizard gestures at you while chanting.
You are confused.
The orc warrior barely misses you. The hobgoblin barely misses you.
The orc warrior closely misses you.
The orc wizard hits you but does no damage.
The hobgoblin hits you.
The orc wizard hits you with a +0 dagger.
The orc warrior hits you with a +0 long sword.
The hobgoblin misses you. The orc warrior barely misses you.
The orc wizard hits you but does no damage.
The hobgoblin barely misses you. The orc wizard barely misses you.
The orc warrior closely misses you.
You feel less confused. The hobgoblin misses you.
The orc warrior hits you with a +0 long sword.
The orc wizard gestures at you while chanting.
The magic dart hits you.
You shoot an arrow.
The arrow hits the orc warrior but does no damage.
The orc warrior is moderately wounded.
The hobgoblin misses you.
The orc wizard gestures at you while chanting.
The puff of flame hits you.
The orc warrior hits you with a +0 long sword.
You shoot an arrow. The arrow hits the orc warrior!
The orc warrior is heavily wounded.
The hobgoblin barely misses you.
The orc wizard hits you but does no damage.
The orc warrior hits you with a +0 long sword.
You die...

.....#### ####....# #..
.. #....# #..o ...
#....####... ..#
#........... ..#
###...#######.#..#
#..............#.#
##..#.##..####.o#o##.#
....#.##.%####.g@)...#
.#...........##.#.......
###..###..##.##.########
.#.....)..##.##.#
................#
#####.######.#### #.
#.......# # # #.##.##.#
# # #.##.#


You could see an orc warrior, an orc wizard (invisible) and a hobgoblin.

Vanquished Creatures
  An ogre (D:3)
  4 orc wizards
  2 adders
  2 worms
  3 dart slugs
  3 orcs (D:3)
  8 ball pythons
  5 bats
  5 endoplasms
  3 giant cockroaches
  2 goblins
  6 hobgoblins
  2 jackals (D:2)
  7 quokkas
  2 frilled lizards (D:2)
  7 kobolds
  4 rats
66 creatures vanquished.

Vanquished Creatures (collateral kills)
  A bat (D:3)
1 creature vanquished.

Grand Total: 67 creatures vanquished

Notes
Turn   | Place    | Note
-------+----------+-------------------------------------------
     0 | D:1      | qw the Deep Elf Hunter began the quest for the Orb.
     0 | D:1      | Reached XP level 1. HP: 12/12 MP: 3/3
     0 | D:1      | 0 ||| qw: Version: 0.3-a-9-g12657ce
     0 | D:1      | 0 ||| qw: Game counter: 4520
     0 | D:1      | 0 ||| qw: Always use a shield: true
     0 | D:1      | 0 ||| qw: God list: Okawaru
     0 | D:1      | 0 ||| qw: Allow faded altars: false
     0 | D:1      | 0 ||| qw: Do Orc after D:15 true
     0 | D:1      | 0 ||| qw: Do second Lair branch before Depths: true
     0 | D:1      | 0 ||| qw: Lair rune preference: random
     0 | D:1      | 0 ||| qw: Plans: Normal
     0 | D:1      | 0 ||| PLANNING D:1-11
   151 | D:1      | Reached XP level 2. HP: 16/16 MP: 4/4
   159 | D:1      | Reached skill level 6 in Ranged Weapons
   384 | D:1      | Found a faded altar of an unknown god.
   520 | D:1      | 520 ||| UPGRADING to +0 pair of boots.
   525 | D:1      | 525 ||| UPGRADING to +0 ring mail.
   535 | D:1      | 535 ||| DROPPING +0 leather armour.
   536 | D:1      | 536 ||| DROPPING scroll of butterflies.
   560 | D:2      | 560 ||| STAIRDANCE
   565 | D:1      | Reached XP level 3. HP: 14/20 MP: 5/5
   595 | D:2      | 595 ||| STAIRDANCE
   863 | D:2      | Reached skill level 7 in Ranged Weapons
  1208 | D:2      | 1208 ||| UPGRADING to ring of see invisible.
  1209 | D:2      | 1209 ||| READING 2 scrolls labelled YWKARE WUKHLEO.
  1210 | D:2      | 1210 ||| READING scroll labelled YSUQYU YSUGO.
  1214 | D:2      | 1214 ||| READING scroll labelled MOTYQE LAUCOL.
  1215 | D:2      | 1215 ||| DRINKING 3 smoky blue potions.
  1216 | D:2      | 1216 ||| DRINKING 2 sedimented cyan potions.
  1216 | D:2      | Gained mutation: You are dopey. (Int -2) [potion of
                  | mutation]
  1216 | D:2      | Gained mutation: Your muscles are strong. (Str +4, Int/Dex
                  | -1) [potion of mutation]
  1217 | D:2      | 1217 ||| DROPPING scroll of noise.
  1249 | D:3      | 1249 ||| FLEEEEING.
  1255 | D:3      | 1255 ||| FLEEEEING.
  1256 | D:3      | 1256 ||| FLEEEEING.
  1257 | D:3      | 1257 ||| STAIRDANCE
  1269 | D:3      | 1269 ||| STAIRDANCE
  1272 | D:2      | Reached XP level 4. HP: 11/25 MP: 6/6
  1587 | D:3      | Noticed an ogre
  1596 | D:3      | Killed an ogre
  1597 | D:3      | Reached skill level 8 in Ranged Weapons
  1597 | D:3      | Reached XP level 5. HP: 17/29 MP: 7/7
  1671 | D:3      | Found an iron altar of Okawaru.
  1672 | D:3      | 1672 ||| PLANNING OKAWARU WORSHIP
  1695 | D:3      | Found a shadowy altar of Dithmenos.
  1696 | D:3      | 1696 ||| READING scroll labelled MINKEO ERHOL.
  1697 | D:3      | 1697 ||| READING scroll labelled WOTSACR WAUXA.
  1698 | D:3      | 1698 ||| READING scroll labelled UNNATASTUVYM.
  1699 | D:3      | 1699 ||| DRINKING 2 green potions.
  1700 | D:3      | 1700 ||| DRINKING 2 ruby potions.
  1701 | D:3      | 1701 ||| DRINKING potion of curing.
  1701 | D:3      | 1701 ||| (to cure confusion)
  1702 | D:3      | 1702 ||| DROPPING potion of ambrosia.
  1727 | D:3      | Became a worshipper of Warmaster Okawaru
  1728 | D:3      | 1728 ||| PLANNING D:1-11
  1807 | D:3      | Reached skill level 9 in Ranged Weapons
  1807 | D:3      | HP: 5/29 [orc wizard/puff of flame (4)]
  1808 | D:3      | 1808 ||| DRINKING 2 potions of heal wounds.
  1815 | D:3      | HP: 7/29 [orc/+0 dagger (1)]
  1816 | D:3      | 1816 ||| DRINKING potion of heal wounds.
  2363 | D:4      | 2363 ||| Stepping ~*~*~tactically~*~*~ (outnumbered).
  2367 | D:4      | Noticed an orc warrior
  2376 | D:4      | Reached skill level 3 in Dodging
  2376 | D:4      | Reached XP level 6. HP: 22/35 MP: 8/8
  2383 | D:4      | HP: 7/35 [orc wizard/magic dart (4)]
  2384 | D:4      | HP: 2/35 [orc warrior/+0 long sword (2)]
  2385 | D:4      | Slain by an orc warrior

Levels and vault maps discovered:
D:1:      tarquinn_simple_flora_water_c, layout_basic,
          shapermc_ecumenical_altar_starsandcircs, minmay_pentomino_v2
D:2:      layout_loops_ring, grunt_decor_one_mirror, minmay_tall_x
D:3:      layout_basic, mainiacjoe_overflow_catwalk_spiral
D:4:      layout_loops_cross, minmay_temple_entry_hall, moated_statue,
          minivault_24, uniq_eustachio

Skill      XL: |  1  2  3  4  5 |
---------------+----------------+-----
Ranged Weapons | 6 7 8 9 |  9.1
Fighting       | 2 |  2.0
Dodging        | 3 |  3.2
Stealth        | |  1.2

Action                     |  1- 3 |  4- 6 || total
---------------------------+-------+-------++-------
   Fire: Shortbow          |   118 |   104 ||   222
    Use: Scroll            |     3 |     3 ||     6
         Potion            |     2 |     5 ||     7
 Armour: Leather armour    |     7 |       ||     7
         Ring mail         |    13 |    23 ||    36
  Dodge: Dodged            |    34 |    47 ||    81

Table legend:
 A = Non-vault XP
 B = Vault XP
 C = Vault XP percentage of total XP
 D = Non-vault monster count
 E = Vault monster count
 F = Vault count percentage of total count
                 A         B        C        D         E       F
            +---------+---------+-------+---------+---------+-------
      Total |     400 |       7 |   1.7 |      62 |       5 |   7.5
            +---------+---------+-------+---------+---------+-------
        D:1 |      39 |       2 |   4.9 |      20 |       1 |   4.8
        D:2 |      78 |       5 |   6.0 |      18 |       4 |  18.2
        D:3 |     233 |       0 |   0.0 |      16 |       0 |   0.0
        D:4 |      50 |       0 |   0.0 |       8 |       0 |   0.0
            +---------+---------+-------+---------+---------+-------
